Map: Dusk Towers

Players

LilDicky - Winner!

  • Race: Terran Terran
  • League: Diamond

Topanaris

  • Race: Zerg Zerg
  • League: Silver

VOD

http://www.twitch.tv/tumescentpie

Description

Time

  • Played on: Jan. 3, 2016, 4:41 p.m.
  • Length: 14:45
Show
View Real Time Build Order
Export as new Build Order

LilDicky Terran - Winner!

Build Orders: Command Center First (CC), Liberator Opening 

Get SALT Encoding   

  12  0:01  SCV  
  13  0:14  SCV  
  14  0:18  Supply Depot  
  14  0:26  SCV  
  15  0:40  SCV  
  16  0:59  Command Center  
  16  1:01  SCV  
  17  1:13  SCV  
  18  1:22  Barracks  
  18  1:25  SCV  
  19  1:37  SCV  
  20  1:46  Refinery  
  20  1:47  Refinery  
  20  1:50  SCV  
  21  2:03  SCV  
  22  2:11  Marine  
  22  2:13  Supply Depot, Orbital Command  
  23  2:18  Orbital Command  
  23  2:31  Marine  
  24  2:38  Factory  
  24  2:41  SCV  
  24  2:43  SCV  
  26  2:53  SCV  
  26  2:55  Barracks Reactor  
  27  3:02  SCV  
  28  3:06  SCV  
  28  3:10  Command Center  
  29  3:13  Refinery  
  29  3:14  SCV  
  29  3:18  SCV  
  29  3:19  Refinery  
  31  3:23  Factory Reactor  
  31  3:26  Starport  
  31  3:29  SCV  
  31  3:31  SCV  
  31  3:32  Marine  
  31  3:34  Marine  
  35  3:41  SCV  
  35  3:44  SCV  
  37  3:50  Marine  
  37  3:51  Marine  
  37  3:53  SCV  
  40  3:55  Liberator  
  40  4:05  Liberator  
  40  4:10  SCV  
  40  4:11  Marine  
  40  4:12  Factory Tech Lab  
  46  4:19  Marine  
  37  4:53  Liberator  
  37  4:54  Liberator  
  32  5:10  Siege Tank  
  32  5:12  Barracks Reactor  
  32  5:13  SCV  
  42  5:15  Orbital Command  
  42  5:32  SCV  
  42  5:47  Siege Tank  
  42  5:48  SCV  
  42  5:49  SCV x2  
  48  6:00  SCV  
  49  6:14  SCV  
  47  6:21  Orbital Command  
  47  6:38  Liberator x2  
  47  6:52  Command Center  
  44  6:56  Marine  
  44  6:57  Marine  
  44  6:58  SCV  
  53  7:14  Siege Tank  
  56  7:16  SCV x3  
  59  7:22  Command Center  
  59  7:27  Marine  
  59  7:28  Marine  
  61  7:36  SCV x3  
  64  7:39  Liberator x2  
  64  7:45  Marine  
  64  7:47  Command Center  
  64  7:48  SCV x3  
  68  7:55  Siege Tank  
  77  8:04  SCV x3  
  80  8:06  Engineering Bay  
  80  8:07  Supply Depot x2  
  80  8:13  Marine  
  80  8:14  Refinery x2  
  80  8:16  SCV x3  
  84  8:26  Command Center  
  84  8:47  SCV x2  
  86  8:48  Planetary Fortress  
  86  8:54  Liberator x2  
  84  9:03  Planetary Fortress  
  84  9:06  SCV  
  84  9:07  SCV x2  
  87  9:10  Siege Tank, Missile Turret  
  96  9:19  SCV x3  
  99  9:25  SCV  
  99  9:26  Orbital Command  
  99  9:31  SCV x3  
  103  9:33  Missile Turret  
  103  9:34  Missile Turret  
  103  9:35  Missile Turret  
  103  9:36  Sensor Tower, Missile Turret  
  103  9:37  SCV  
  104  9:39  Sensor Tower, Orbital Command  
  104  9:40  Refinery  
  104  9:41  Refinery  
  104  9:43  SCV x2  
  104  9:45  Siege Tank  
  109  9:48  SCV  
  109  9:49  SCV  
  111  9:54  Liberator  
  111  9:58  Armory  
  111  9:59  Starport  
  111  10:02  Armory  
  111  10:04  Viking  
  116  10:22  Factory  
  116  10:27  Factory  
  116  10:30  SCV x2  
  116  10:31  Siege Tank  
  116  10:35  Starport  
  121  10:36  Fusion Core  
  121  10:38  Missile Turret  
  121  10:39  Missile Turret  
  121  10:43  SCV x4  
  125  10:53  Liberator x2  
  125  11:00  Terran Vehicle And Ship Armor Level 1, Terran Ship Weapons Level 1  
  125  11:02  Command Center, Missile Turret  
  125  11:05  Hi-Sec Auto Tracking  
  125  11:08  Starport Tech Lab  
  125  11:11  Thor  
  137  11:20  Ghost Academy, Liberator  
  137  11:26  Barracks Tech Lab  
  137  11:27  Starport  
  137  11:33  Command Center  
  137  11:34  Advanced Ballistics  
  140  11:41  Starport Tech Lab  
  140  11:43  Command Center  
  140  11:52  Liberator x2  
  140  12:00  Banshee  
  143  12:02  Supply Depot  
  143  12:03  Supply Depot, Cloaking Field  
  143  12:04  Supply Depot x3  
  143  12:06  Supply Depot  
  149  12:20  Personal Cloaking, Supply Depot  
  149  12:23  Ghost  
  151  12:33  Missile Turret  
  151  12:39  Missile Turret  
  151  12:47  Missile Turret  
  151  12:58  Viking x5  
  153  13:10  Liberator  
  153  13:11  Liberator  
  153  13:25  Battlecruiser  
  162  13:28  Thor  
  162  13:30  Ghost  
  173  13:36  Supply Depot  
  171  13:45  Viking  
  171  13:46  Viking x2, Nuke  
  177  14:02  Ghost  
  179  14:18  Refinery  
Show
View Real Time Build Order
Export as new Build Order

Topanaris Zerg 

Build Orders: Pool First 

Get SALT Encoding   

  12  0:02  Drone  
  13  0:08  Drone  
  14  0:17  Overlord  
  14  0:23  Drone, Extractor  
  15  0:35  Drone x2  
  17  0:45  Drone  
  18  0:57  Drone, Spawning Pool  
  18  1:06  Drone  
  19  1:19  Drone  
  20  1:27  Hatchery  
  20  1:28  Drone  
  20  1:39  Overlord  
  20  1:44  Queen  
  20  1:46  Extractor  
  21  1:52  Drone  
  22  2:01  Drone, Roach Warren  
  22  2:17  Overlord  
  22  2:20  Queen  
  24  2:34  Drone x2  
  26  2:54  Roach x2  
  26  2:55  Roach x2  
  26  2:57  Zergling x6  
  37  3:09  Roach  
  37  3:12  Overlord x2  
  41  3:20  Roach  
  41  3:42  Zergling x8  
  41  3:43  Zergling x4  
  41  3:48  Extractor  
  46  3:50  Drone  
  46  3:54  Hatchery  
  46  3:55  Drone x3  
  49  4:03  Zergling x2  
  49  4:04  Zergling x4  
  48  4:25  Zergling x14  
  48  4:26  Zergling x2  
  45  4:56  Zergling x4  
  45  4:57  Zergling x8  
  42  5:11  Roach x3  
  48  5:16  Metabolic Boost  
  48  5:28  Queen x2  
  48  5:30  Spore Crawler, Drone  
  48  5:31  Drone x2  
  53  5:49  Lair, Baneling Nest  
  34  6:26  Drone x4  
  34  6:27  Drone x5  
  34  6:28  Drone  
  42  7:01  Drone x3  
  42  7:02  Drone  
  42  7:03  Hydralisk Den  
  45  7:11  Spore Crawler  
  44  7:15  Extractor  
  44  7:17  Drone x2, Extractor  
  45  7:30  Drone x4  
  48  7:38  Queen  
  50  7:57  Hatchery  
  49  8:00  Drone x2  
  51  8:10  Overlord x2  
  51  8:44  Hydralisk x5  
  51  8:45  Hydralisk x2  
  51  8:46  Hydralisk  
  57  9:11  Evolution Chamber, Hydralisk x3  
  62  9:19  Drone x3  
  65  9:32  Drone x2  
  65  9:33  Drone x2  
  69  9:47  Infestation Pit  
  68  9:58  Spire  
  67  10:00  Drone x3  
  67  10:01  Drone  
  71  10:13  Drone x3  
  71  10:14  Drone x2  
  76  10:31  Hive  
  76  10:34  Drone x3, Overlord  
  79  10:38  Overlord  
  79  10:57  Drone x5  
  79  10:58  Drone x4  
  79  10:59  Drone x2  
  90  11:08  Overlord  
  90  11:09  Overlord x3  
  90  11:28  Extractor  
  90  11:29  Corruptor x4  
  90  11:31  Extractor  
  96  11:56  Greater Spire  
  96  11:57  Corruptor  
  96  11:58  Corruptor x3  
  96  11:59  Hatchery  
  103  12:05  Pneumatized Carapace  
  103  12:12  Overlord x2  
  103  12:15  Drone x3  
  105  12:16  Drone x5  
  105  12:17  Drone  
  103  13:13  Brood Lord x3  
  103  13:14  Brood Lord x5  
  103  13:16  Overlord x5  
  103  13:18  Drone x7  
  126  13:20  Overlord x2  
  126  13:27  Overlord  
  126  13:47  Corruptor  
  126  13:48  Corruptor x5  
  138  13:56  Spine Crawler  
  138  13:57  Spore Crawler  
  138  13:58  Overlord x2  
Tags
 
Add a new tag
Caveats
  • Supply blocks, unpowered buildings, or Contaminate may cause inaccurate times.
  • Supply counts are checked every 10 seconds.